 Dungeon Crawl Stone Soup version 0.21.1-1-g345015f (webtiles) character file.

213 suicidejoker the Shooter (level 5, -4/36 HPs)
             Began as an Octopode Hunter on Apr 20, 2018.
             Slain by MurderousKitten's ghost (5 damage)
             ... on level 4 of the Dungeon.
             The game lasted 00:08:22 (2664 turns).

suicidejoker the Shooter (Octopode Hunter)          Turns: 2664, Time: 00:08:22

Health: -4/36      AC:  1    Str: 13    XL:     5   Next: 90%
Magic:  5/5        EV: 14    Int: 13    God:
Gold:   28         SH:  0    Dex: 12    Spells: 4/4 levels left

rFire    + . .     SeeInvis .   s - +1 dagger (venom)
rCold    + . .     Gourm    .   (no shield)
rNeg     . . .     Faith    .   (helmet restricted)
rPois    +         Spirit   .   (no amulet)
rElec    +         Reflect  .   n - ring of poison resistance
rCorr    +         Harm     .   (no ring)
MR       .....                  (no ring)
Stlth    +++.......             (no ring)
HPRegen  0.12/turn              (no ring)
MPRegen  0.09/turn              (no ring)
                                (no ring)
                                (no ring)

@: resistant, berserk cooldown, flying (expiring), slowed, very slow
A: almost no armour, stealthy swim, amphibious, 8 rings, constrict 8, camouflage
1, gelatinous body 1
a: no special abilities


You were on level 4 of the Dungeon.
You were not hungry.

You visited 1 branch of the dungeon, and saw 4 of its levels.

You collected 118 gold pieces.
You spent 90 gold pieces at shops.

Inventory:

Hand Weapons
 a - a +1 shortbow
 b - a +0 short sword
 s - a +1 dagger of venom (weapon)
Missiles
 c - 34 arrows
 h - 35 bolts
Jewellery
 n - a ring of poison resistance (left tentacle)
Scrolls
 e - 3 scrolls of immolation {unknown}
 f - a scroll of teleportation {unknown}
 i - a scroll of enchant weapon {unknown}
 j - a scroll of remove curse {unknown}
 k - 6 scrolls of identify {unknown}
 l - a scroll of fog {unknown}
 o - a scroll of blinking {unknown}
Potions
 g - 2 potions of heal wounds
 r - a potion of flight
Comestibles
 d - 4 rations
 q - 2 chunks of flesh


   Skills:
 + Level 3.1 Fighting
 * Level 5.3 Bows
 + Level 3.1 Dodging
 + Level 3.7 Stealth


You had 4 spell levels left.
You didn't know any spells.

Dungeon Overview and Level Annotations

Branches:
Dungeon (4/15)
 Temple: D:4-7

Altars:
Fedhas
Zin

Annotations:
D:4 MurderousKitten's ghost, amateur DrSk


Innate Abilities, Weirdness & Mutations

You cannot wear most types of armour.
You are very stealthy in the water. (Stealth+)
You are amphibious.
You can wear up to eight rings at the same time.
You can use your tentacles to constrict eight enemies at once.
Your skin changes colour to match your surroundings (Stealth+).
Your rubbery body absorbs attacks. (AC +1, EV +1)


Message History

It was a potion of flight.
You feel very buoyant.
You fly up into the air.
MurderousKitten's ghost hits you.
MurderousKitten's ghost completely misses you.
It was a potion of resistance.
You feel protected. MurderousKitten's ghost hits you.
MurderousKitten's ghost closely misses you.
MurderousKitten's ghost hits you.
* * * LOW HITPOINT WARNING * * *
MurderousKitten's ghost hits you!
* * * LOW HITPOINT WARNING * * *
MurderousKitten's ghost misses you. MurderousKitten's ghost hits you.
* * * LOW HITPOINT WARNING * * *
There is an open door here.
MurderousKitten's ghost misses you.
You are starting to lose your buoyancy.
MurderousKitten's ghost hits you.
You die...

######
########....#######
#...#..#....#.....#
#...#..#....#.....#
#...#..#....'.....#
#...#..'....#.....#
#..##.W#....#....##
####..##@##....#....#
#.<.......#....#....#
#.........#....#....#
#.........#....#....#
#.........#....'....#
##..#######....######
#..# #.......# +...
#.......# #...
#.......#


You could see MurderousKitten's ghost.

Vanquished Creatures
  An iguana (D:3)
  2 orc wizards (D:3)
  A worker ant (D:2)
  4 adders
  3 worms
  2 dart slugs
  3 leopard geckos
  7 orcs (D:3)
  A bat (D:3)
  5 goblins
  9 hobgoblins
  6 kobolds
  2 quokkas (D:3)
  A ball python (D:3)
  7 frilled lizards
  7 rats
61 creatures vanquished.

Notes
Turn   | Place    | Note
-------+----------+-------------------------------------------
     0 | D:1      | suicidejoker the Octopode Hunter began the quest for the Orb.
     0 | D:1      | Reached XP level 1. HP: 14/14 MP: 1/1
   153 | D:1      | Reached XP level 2. HP: 19/19 MP: 2/2
   478 | D:2      | Reached XP level 3. HP: 25/25 MP: 3/3
   774 | D:2      | Reached XP level 4. HP: 30/30 MP: 4/4
   912 | D:2      | Found a blossoming altar of Fedhas.
  1675 | D:3      | Reached skill level 5 in Bows
  1675 | D:3      | Reached XP level 5. HP: 28/36 MP: 5/5
  1878 | D:3      | Found Zin's Purification Station.
  1878 | D:3      | Found a glowing silver altar of Zin.
  1885 | D:3      | Bought a potion of curing for 90 gold pieces
  2327 | D:4      | Noticed MurderousKitten's ghost (amateur DrSk)
  2661 | D:4      | HP: 1/36 [MurderousKitten's ghost (3)]
  2664 | D:4      | Slain by MurderousKitten's ghost

Skill      XL: |  1  2  3  4  5 |
---------------+----------------+-----
Stealth        | 2 3 |  3.7
Bows           | 5 |  5.3
Fighting       | 3 |  3.1
Dodging        | 3 |  3.1

Action                   |  1- 3 |  4- 6 || total
-------------------------+-------+-------++-------
Melee: Short sword       |     5 |       ||     5
       Constrict         |     1 |     4 ||     5
       Dagger            |       |    13 ||    13
       Tentacles         |       |     3 ||     3
 Fire: Shortbow          |    47 |    95 ||   142
  Use: Potion            |       |     5 ||     5
  Eat: Chunk             |       |     5 ||     5
Armor: Skin              |     2 |     1 ||     3
Dodge: Dodged            |     8 |    44 ||    52
